 Dungeon Crawl Stone Soup version 0.29-a0-414-g5075937ec3 (webtiles) character file.

Game seed: 7305654710187558837

1206 ytrimaz the Chopper (level 8, 0/61 HPs)
             Began as a Demonspawn Fighter on May 15, 2022.
             Was a Believer of Yredelemnul.
             Slain by a yak (13 damage)
             ... on level 5 of the Dungeon.
             The game lasted 00:05:51 (3068 turns).

ytrimaz the Chopper (Demonspawn Fighter)            Turns: 3068, Time: 00:05:51

Health: 0/61       AC: 12    Str: 24    XL:     8   Next: 21%
Magic:  10/10      EV:  7    Int: 11    God:    Yredelemnul [**....]
Gold:   56         SH:  5    Dex: 12    Spells: 8/8 levels left

rFire   . . .      SeeInvis .   a - +1 war axe
rCold   . . .      Faith    .   c - +0 buckler
rNeg    . . .      Spirit   .   j - +0 chain mail "Ikynkiy" {Str+4}
rPois   .          Reflect  .   (helmet restricted)
rElec   .          Harm     .   (no cloak)
rCorr   .          Rampage  .   (no gloves)
Will    .....                   o - +0 pair of boots
Stlth   ..........              (no amulet)
HPRegen 0.20/turn               (no ring)
MPRegen 0.12/turn               (no ring)

@: no status effects
A: yellow scales 1, ignite blood 1, spiny 2, weakness stinger 1, horns 1, strong
1
a: Renounce Religion, Recall Undead Harvest, Dark Bargain


You were on level 5 of the Dungeon.
You worshipped Yredelemnul.
Yredelemnul was noncommittal.
You visited 2 branches of the dungeon, and saw 6 of its levels.

You collected 227 gold pieces.
You spent 171 gold pieces at shops.

Inventory:

Hand Weapons
 a - a +1 war axe (weapon)
 d - a +0 battleaxe
Armour
 c - a +0 buckler (worn)
 j - the +0 chain mail "Ikynkiy" (worn) {Str+4}
   (You bought it in a shop on level 3 of the Dungeon)

   Str:       It affects your strength (+4).
 o - a +0 pair of boots (worn)
Scrolls
 g - a scroll of teleportation
 k - a scroll of amnesia
Potions
 e - a potion of resistance
 f - 2 potions of brilliance
 h - a potion of flight
 l - 2 potions of lignification
 m - a potion of magic
 n - a potion of berserk rage {unknown}


   Skills:
 + Level 4.7 Fighting
 + Level 5.8 Axes
 + Level 4.6 Armour
 * Level 4.7 Shields
 - Level 0.7 Spellcasting
 * Level 3.5 Invocations


You had 8 spell levels left.
You didn't know any spells.
Your spell library contained the following spells:

 Spells                   Type           Power      Damage    Failure   Level
 Shock                    Conj/Air       0%         1d3       96%         1
 Gell's Gravitas          Tloc           0%         N/A       100%        3
 Lesser Beckoning         Tloc           0%         N/A       100%        3
 Swiftness                Air            0%         N/A       100%        3
 Teleport Other           Tloc           0%         N/A       100%        3
 Airstrike                Air            0%         N/A       100%        4
 Cause Fear               Hex            0%         N/A       100%        4
 Dragon Form              Tmut           0%         N/A       100%        7
 Malign Gateway           Summ/Tloc      0%         N/A       100%        7
 Summon Horrible Things   Summ           0%         N/A       100%        8
 Dragon's Call            Summ           0%         N/A       100%        9


Dungeon Overview and Level Annotations

Branches:
Dungeon (5/15)             Temple (1/1) D:4

Altars:
Cheibriados
Dithmenos
Elyvilon
Gozag
Hepliaklqana
Nemelex Xobeh
Okawaru
Sif Muna
Uskayaw
Vehumet
Wu Jian
Yredelemnul
Zin

Shops:
D:3 [


Innate Abilities, Weirdness & Mutations

You are partially covered in yellow scales. (AC +2)
Your demonic aura sometimes causes spilled blood to erupt in flames.
You are mostly covered in sharp spines.
You have a small tail.
You have a pair of small horns on your head.
Your muscles are strong. (Str +2)


Message History

Your iguana zombie bites the yak!
The yak is engulfed in blazing flames.
The yak barely misses your iguana zombie.
Unknown command.
You hit the yak.
You kill the yak!
A black mist starts to gather...
You can now trade souls for undead servants.
The yak gores your yak zombie.
Unknown command.
The yak gores your yak zombie.
You swap places.
The yak is struck by your spines. The yak gores you.
There is an open door, spattered with blood here.
You barely miss the yak.
The yak is moderately wounded.
The yak barely misses you.
You barely miss the yak.
Your tail-slap misses the yak.
The yak is moderately wounded.
You block the yak's attack. The yak barely misses you.
You slash the yak! You tail-slap the yak.
The yak is heavily wounded.
The yak is struck by your spines. The yak barely misses you.
Unknown command.
You barely miss the yak. You headbutt the yak! You tail-slap the yak.
The yak is almost dead.
The yak gores you!
* * * LOW HITPOINT WARNING * * *
You hit the yak. You headbutt the yak, but do no damage.
Your tail-slap misses the yak.
The yak is almost dead.
The yak gores you.
* * * LOW HITPOINT WARNING * * *
You completely miss the yak.
The yak is almost dead.
The yak gores you but does no damage. The yak barely misses you.
Unknown command.
You barely miss the yak.
The yak is almost dead.
The yak gores you!
You die...
Your body rises from the dead as a mindless zombie.

##....# ####...#.# #........#
###...#....#
##################....#.#...#
.#.....#.....#!([##..#._.#Z.#
.#..Z..#.....#.).#....#Z#ZZ.#
.#..#ZZ#..#..#$$Y#.#...#...##
.#ZZ#.)#..#..###@#Z#.......##
.Z..#..Z..#....ZZ#.#######..##
....#.....#....ZZ#.# ##..##
##################.# ##..##
...................# ##..##
...................# ##..#
#################### ##..
....#.....# ##. ....#.....# ##


You could see a yak (ally target), a friendly iguana zombie, a friendly yak
zombie, a friendly ogre zombie and a friendly necrophage zombie.

Vanquished Creatures
  Grinder (D:3)
  A yak (D:5)
  An ice beast (D:5)
  An ogre (D:5)
  A phantom (D:4)
  A bullfrog (D:4)
  3 necrophages
  A hound (D:4)
  3 iguanas
  Ijyb (D:3)
  An orc wizard (D:4)
  2 adders (D:4)
  A worm (D:4)
  2 dart slugs
  9 orcs
  4 ball pythons
  5 bats
  2 endoplasms (D:1)
  3 giant cockroaches
  7 goblins
  6 hobgoblins
  5 jackals
  4 kobolds
  3 quokkas
  A frilled lizard (D:3)
  A goblin zombie (D:3)
  2 jackal zombies (D:3)
  2 rats (D:3)
74 creatures vanquished.

Vanquished Creatures (collateral kills)
  An ogre (D:5)
  An iguana (D:5)
  3 adders
  An orc (D:4)
  A goblin (D:4)
7 creatures vanquished.

Vanquished Creatures (others)
  A spectral ice beast (D:5)
  An adder zombie (D:4)
  A bat zombie (D:3)
  A ball python zombie (D:3)
  A goblin zombie (D:4)
  2 jackal zombies (D:5)
  An orc zombie (D:4)
8 creatures vanquished.

Grand Total: 89 creatures vanquished

Notes
Turn   | Place    | Note
-------+----------+-------------------------------------------
     0 | D:1      | ytrimaz the Demonspawn Fighter began the quest for the Orb.
     0 | D:1      | Reached XP level 1. HP: 18/18 MP: 1/1
   167 | D:1      | Gained mutation: You are partially covered in sharp spines.
                  | [demonic ancestry]
   167 | D:1      | Reached XP level 2. HP: 23/24 MP: 1/3
   527 | D:1      | Found a faded altar of an unknown god.
   715 | D:2      | You fall into a shaft and drop 2 floors!
   715 | D:4      | Found a staircase to the Ecumenical Temple.
   720 | Temple   | Entered the Ecumenical Temple
   772 | Temple   | Became a worshipper of Yredelemnul the Dark
   814 | D:4      | Reached skill level 2 in Axes
   970 | D:4      | Gained mutation: Your demonic aura sometimes causes spilled
                  | blood to erupt in flames. [demonic ancestry]
   970 | D:4      | Reached XP level 3. HP: 24/29 MP: 4/4
   984 | D:4      | Reached * piety under Yredelemnul
  1085 | D:3      | Noticed Ijyb
  1096 | D:3      | Killed Ijyb
  1097 | D:3      | Gained mutation: You are partially covered in yellow
                  | scales. (AC +2) [demonic ancestry]
  1097 | D:3      | Reached XP level 4. HP: 34/35 MP: 5/5
  1380 | D:3      | Found Cosul's Antique Armour Emporium.
  1694 | D:3      | Noticed Grinder
  1703 | D:3      | Paralysed by Grinder for 5 turns
  1710 | D:3      | Gained mutation: Your muscles are strong. (Str +2) [potion
                  | of mutation]
  1710 | D:3      | Gained mutation: You have a pair of small horns on your
                  | head. [potion of mutation]
  1712 | D:3      | Paralysed by Grinder for 4 turns
  1732 | D:3      | Paralysed by Grinder for 5 turns
  1739 | D:3      | Killed Grinder
  1739 | D:3      | Reached ** piety under Yredelemnul
  1740 | D:3      | Reached skill level 3 in Axes
  1740 | D:3      | Gained mutation: You have a small tail. [demonic ancestry]
  1740 | D:3      | Reached XP level 5. HP: 9/42 MP: 6/6
  1740 | D:3      | Reached XP level 6. HP: 11/48 MP: 7/7
  2290 | D:4      | Reached skill level 4 in Axes
  2388 | D:3      | Bought a heavily runed chain mail for 171 gold pieces
  2388 | D:3      | Identified the +0 chain mail "Ikynkiy" {Str+4} (You bought
                  | it in a shop on level 3 of the Dungeon)
  2446 | D:4      | Reached skill level 1 in Invocations
  2454 | D:4      | Gained mutation: You are mostly covered in sharp spines.
                  | [demonic ancestry]
  2454 | D:4      | Reached XP level 7. HP: 34/54 MP: 8/8
  2809 | D:5      | Entered Level 5 of the Dungeon
  2873 | D:5      | Found an iron altar of Okawaru.
  2926 | D:5      | Reached skill level 5 in Axes
  3040 | D:5      | Reached XP level 8. HP: 40/61 MP: 10/10
  3068 | D:5      | Slain by a yak

Illustrated notes

Levels and vault maps discovered:
D:1:      lemuel_arrival_cross, layout_basic, dilly_ecumenical_altar_fadedgnrine
D:2:      layout_basic, basic_altar
D:3:      layout_loops_ring, serial_shops, shop_statue, uniq_grinder, uniq_ijyb
D:4:      layout_rooms, minmay_temple_entry_nine_rooms, minivault_27
D:5:      kennysheep_windowed_halls, layout_cave_pods, general_overflow_altar,
          cheibrodos_ashenzari_chains, lemuel_round_altar,
          okawaru_metal_pillars_3
Temple:   nicolae_temple_x_marks_the_god

Skill      XL: |  1  2  3  4  5  6  7 |
---------------+----------------------+-----
Shields        | 3 4 |  4.7
Axes           | 2 3 4 5 |  5.8
Armour         | 3 4 |  4.6
Fighting       | 4 |  4.7
Invocations    | 1 3 |  3.5
Spellcasting   | |  0.7

Action                   |  1- 3 |  4- 6 |  7- 9 || total
-------------------------+-------+-------+-------++-------
Melee: War axe           |    57 |    69 |    35 ||   161
       Unarmed           |     6 |       |       ||     6
       Headbutt          |       |     5 |     7 ||    12
       Tailslap          |       |     3 |     6 ||     9
  Use: Scroll            |     1 |     4 |     2 ||     7
       Potion            |       |     5 |       ||     5
 Stab: Distracted        |       |       |     1 ||     1
Armor: Scale mail        |    41 |    36 |       ||    77
       Skin              |       |    11 |       ||    11
       Chain mail        |       |     4 |     9 ||    13
Dodge: Dodged            |    30 |    23 |    13 ||    66
Block: Buckler           |    19 |    11 |     6 ||    36

Table legend: (Time is in decaauts)
 A = Elapsed time spent in this place.
 B = Non-inter-level travel time spent in this place.
 C = Inter-level travel time spent in this place.
 D = Time resting spent in this place.
 E = Time spent auto-exploring this place.
 F = Levels seen in this place.
 G = Mean time per level.
                   A        B        C        D        E       F      G
               +--------+--------+--------+--------+--------+-----+--------+
         Total |   3129 |   3005 |    124 |      4 |   2309 |   6 |  521.5 |
       Dungeon |   3069 |   2951 |    118 |      4 |   2263 |   5 |  613.8 |
        Temple |     59 |     53 |      6 |      0 |     46 |   1 |   59.0 |
               +--------+--------+--------+--------+--------+-----+--------+

Top non-repeatable levels by time:
     D:3: 1174 daAuts
     D:4: 901 daAuts
     D:1: 726 daAuts
     D:5: 266 daAuts
  Temple: 59 daAuts
